 Dungeon Crawl Stone Soup version 0.31-a0-431-g88bdf31460 (webtiles) character file.

Game seed: 17307630308559311925

58 mopl the Insei (level 4, -1/28 HPs)
             Began as an Octopode Shapeshifter on July 31, 2023.
             Was a High Priest of Ignis.
             Slain by Crazy Yiuf
             ... wielding a +2 quarterstaff of chaos
              (10 damage)
             ... on level 2 of the Dungeon.
             The game lasted 00:01:09 (948 turns).

mopl the Insei (Octopode Shapeshifter)               Turns: 948, Time: 00:01:10

Health: -1/28      AC:  1    Str: 14    XL:     4   Next: 2%
Magic:  0/4        EV: 13    Int: 10    God:    Ignis [*****.]
Gold:   70         SH:  0    Dex: 14    Spells: 3/3 levels left

rFire   + +          .
                       - Unarmed
rCold   + . .        (no shield)
rNeg    . . .        (helmet currently unavailable)
rPois   +            (no amulet)
rElec   +            (no ring)
rCorr   +            (no ring)
SInv    .            (no ring)
Will    .....        (no ring)
Stlth   ++           (no ring)
HPRegen 0.24/turn    (no ring)
MPRegen 0.09/turn    (no ring)
                     (no ring)

%: no passive effects
@: beast-form, resistant
A: beast (slay +2), almost no armour, amphibious, 8 rings, camouflage 1,
gelatinous body 1, (nimble swimmer 1), tentacles
a: Begin Untransformation, Renounce Religion, Fiery Armour, Foxfire Swarm,
Rising Flame


You were on level 2 of the Dungeon.
You worshipped Ignis.
Ignis was extremely pleased with you.
You were a hulking beast.
You visited 1 branch of the dungeon, and saw 2 of its levels.

You collected 70 gold pieces.

Inventory:

Missiles
 e - 12 poisoned darts
Talismans
 b - a beast talisman (active)
Scrolls
 c - 4 scrolls of teleportation {unknown}
 d - 2 scrolls of blinking {unknown}
 f - a scroll of poison {unknown}
 g - a scroll of torment {unknown}
 i - a scroll of immolation {unknown}
Potions
 a - a potion of lignification {!q}
 h - 2 potions of might {unknown}
 j - a potion of mutation {unknown}


   Skills:
 + Level 1.6 Fighting
 + Level 2.3 Dodging
 * Level 3.7 Unarmed Combat
 * Level 3.4 Shapeshifting


You had 3 spell levels left.
You didn't know any spells.
Your spell library was empty.

Dungeon Overview and Level Annotations

Branches:
Dungeon (2/15)

Altars:
Sif Muna
Ignis

Shops:
D:1 [

Annotations:
D:2 Crazy Yiuf


Innate Abilities, Weirdness & Mutations

You are a hulking beast.
Your limbs bulge with bestial killing power. (Slay +2)
You cannot wear most types of armour.
You are amphibious.
You can wear up to eight rings at the same time.
Your skin changes colour to match your surroundings (Stealth+).
Your rubbery body absorbs attacks. (AC +1, EV +1)
((You are camouflaged when in or above water. (Stealth+)))
You have tentacles for arms and can constrict up to eight enemies at once.


Message History

You see here a ball python corpse.
A frilled lizard comes into view.
A frilled lizard is nearby!
The frilled lizard hisses angrily.
The frilled lizard closely misses you.
You closely miss the frilled lizard. Your grab misses the frilled lizard.
The frilled lizard completely misses you.
You tentacle-slap the frilled lizard.
You kill the frilled lizard!
No target in view!
No target in view!
No target in view!
You see here a ball python corpse.
There is a stone staircase leading up here.
Found three hammers.
Found a runed translucent door.
Crazy Yiuf shouts!
You see here a +0 hammer.
You see here a +0 hammer.
Found a hammer.
You open the door. You closely miss Crazy Yiuf. You grab Crazy Yiuf.
You tentacle-slap Crazy Yiuf. Your squeeze misses Crazy Yiuf.
Crazy Yiuf is lightly wounded.
You constrict Crazy Yiuf, but do no damage.
You tentacle-slap Crazy Yiuf. You squeeze Crazy Yiuf.
Crazy Yiuf is moderately wounded.
You constrict Crazy Yiuf, but do no damage.
Crazy Yiuf sings, "Trees, trees, trees, circus!"
Crazy Yiuf hits you with a +2 quarterstaff of chaos!
You feel protected.
You tentacle-slap Crazy Yiuf but do no damage.
Crazy Yiuf is moderately wounded.
You constrict Crazy Yiuf, but do no damage.
Crazy Yiuf hits you with a +2 quarterstaff of chaos!
You feel your power leaking away.
You tentacle-slap Crazy Yiuf.
Crazy Yiuf is heavily wounded.
You constrict Crazy Yiuf.
Crazy Yiuf hits you with a +2 quarterstaff of chaos!
You die...

.##.# #.# #..########
#.. .##.# #.#
#.........# #.. .##.#
#.# #..######.# ###
###<# ### #### ### #.#
####### #.# #######
....... #.#
###...#.### ###
#######
#.###......#))##..)#
###.##......####hg...#
# .##.....#..##
###..)# . .###########
### . .# . .# ..
.##### ### #### ...
.##.. #.# #... ....
.##.# #.# #..#
.##.#########.# #..#


You could see Crazy Yiuf.

Vanquished Creatures
  2 adders (D:2)
  A dart slug (D:1)
  5 ball pythons
  A bat (D:1)
  6 endoplasms (D:1)
  2 goblins (D:1)
  6 hobgoblins
  2 jackals (D:2)
  2 kobolds
  3 quokkas
  3 frilled lizards
  A rat (D:1)
34 creatures vanquished.

Notes
Turn   | Place    | Note
-------+----------+-------------------------------------------
     0 | D:1      | mopl the Octopode Shapeshifter began the quest for the Orb.
     0 | D:1      | Reached XP level 1. HP: 13/13 MP: 1/1
   105 | D:1      | Found Casav's Antique Armour Shoppe.
   141 | D:1      | Reached XP level 2. HP: 18/18 MP: 2/2
   162 | D:1      | Found a faded altar of an unknown god.
   187 | D:1      | Prayed at the altar of an unknown god.
   187 | D:1      | Became a worshipper of Ignis, the Dying Flame
   391 | D:1      | Reached XP level 3. HP: 12/23 MP: 3/3
   723 | D:2      | Found a shimmering blue altar of Sif Muna.
   856 | D:2      | Reached XP level 4. HP: 25/28 MP: 4/4
   940 | D:2      | Found a runed translucent door.
   941 | D:2      | Noticed Crazy Yiuf
   948 | D:2      | Slain by Crazy Yiuf

Illustrated notes

Levels and vault maps discovered:
D:1:      dpeg_arrival_boxes_within_box, layout_basic, serial_shops,
          nicolae_shop_statue_plus, shapermc_ecumenical_altar_mp_ritualfount,
          minmay_pentomino_u4
D:2:      layout_loops_ring, basic_altar, uniq_crazy_yiuf_cottage

Action                     |  1- 3 |  4- 6 || total
---------------------------+-------+-------++-------
  Melee: Unarmed           |    59 |     6 ||    65
         Constrict         |    15 |     1 ||    16
         Tentacles         |    10 |     1 ||    11
         Punch             |     1 |     1 ||     2
   Stab: Sleeping          |     6 |       ||     6
 Armour: Skin              |     1 |       ||     1
  Dodge: Dodged            |    28 |     2 ||    30

Table legend: (Time is in decaauts)
 A = Elapsed time spent in this place.
 B = Non-inter-level travel time spent in this place.
 C = Inter-level travel time spent in this place.
 D = Time resting spent in this place.
 E = Time spent auto-exploring this place.
 F = Levels seen in this place.
 G = Mean time per level.
                   A        B        C        D        E       F      G
               +--------+--------+--------+--------+--------+-----+--------+
         Total |    944 |    928 |     16 |     95 |    630 |   2 |  472.0 |
       Dungeon |    944 |    928 |     16 |     95 |    630 |   2 |  472.0 |
               +--------+--------+--------+--------+--------+-----+--------+

Top non-repeatable levels by time:
     D:1: 513 daAuts
     D:2: 430 daAuts
